 Dungeon Crawl Stone Soup version 0.22-a0-78-g0f8607c (webtiles) character file.

842 shenanigans the Skirmisher (level 8, -1/65 HPs)
             Began as a Barachi Monk on Jan 16, 2018.
             Slain by an iguana (3 damage)
             ... on level 5 of the Dungeon.
             The game lasted 00:10:15 (5342 turns).

shenanigans the Skirmisher (Barachi Monk)           Turns: 5342, Time: 00:10:16

Health: -1/65      AC: 11    Str: 13    XL:     8   Next: 0%
Magic:  8/8        EV:  8    Int: 15    God:
Gold:   146        SH:  0    Dex: 14    Spells: 7/7 levels left

rFire    . . .     SeeInvis .   a - +0 falchion (flame)
rCold    . . .     Gourm    .   (no shield)
rNeg     . . .     Faith    .   j - +0 chain mail
rPois    .         Spirit   .   (no helmet)
rElec    .         Reflect  .   y - +0 cloak
rCorr    .         Harm     .   (no gloves)
MR       .....                  (no boots)
Stlth    ..........             C - amulet of inaccuracy (curse)
HPRegen  0.20/turn              B - ring of stealth
MPRegen  0.11/turn              D - +2 ring of intelligence (curse)

@: slow
A: +LOS, swims, slowness 1, strong legs 1
a: Hop


You were on level 5 of the Dungeon.
You were not hungry.

You visited 1 branch of the dungeon, and saw 5 of its levels.
You also visited: Sewer.

You collected 146 gold pieces.

Inventory:

Hand Weapons
 a - a +0 falchion of flaming (weapon)
 b - a +2 hand axe of flaming
 t - a +4 dagger
 x - a +1 great sword
Armour
 g - a +0 ring mail of cold resistance
 j - a +0 chain mail (worn)
 r - a +0 robe
 y - a +0 cloak (worn)
Jewellery
 e - an uncursed amulet of guardian spirit
 B - a ring of stealth (left hand)
 C - a cursed amulet of inaccuracy (around neck)
 D - a cursed +2 ring of intelligence (right hand)
Wands
 i - a wand of iceblast (9)
 l - a wand of disintegration (26)
 o - a wand of digging (10)
Scrolls
 h - a scroll of remove curse {unknown}
 q - 3 scrolls of identify
 s - a scroll of enchant weapon
Potions
 d - 3 potions of might {unknown}
 f - a potion of magic {unknown}
 m - 3 potions of curing {unknown}
 u - a potion of flight {unknown}
 v - a potion of invisibility {unknown}
 w - a potion of degeneration {unknown}
 z - a potion of mutation {unknown}
 A - a potion of berserk rage
Comestibles
 c - 10 rations


   Skills:
 + Level 6.3 Fighting
 + Level 6.3 Long Blades
 + Level 5.0 Armour
 + Level 5.7 Dodging
 - Level 1.7 Stealth


You had 7 spell levels left.
You didn't know any spells.

Dungeon Overview and Level Annotations

Branches:
Dungeon (5/15)
 Temple: D:4-7

Altars:
Qazlal
Xom

Annotations:
D:3 cellescent's ghost, amateur GnWn


Innate Abilities, Weirdness & Mutations

Shadows flee at your approach. (+LOS)
You can swim through water.
You cover ground slowly.
You can hop short distances.


Message History

You hit the iguana but do no damage.
The iguana is heavily wounded.
The iguana bites you but does no damage.
You hit the iguana but do no damage.
The iguana is heavily wounded.
The iguana bites you but does no damage.
You hit the iguana. You burn the iguana.
The iguana is severely wounded.
The iguana closely misses you.
You barely miss the iguana.
The iguana is severely wounded.
The iguana barely misses you.
You miss the iguana.
The iguana is severely wounded.
The iguana bites you.
* * * LOW HITPOINT WARNING * * *
You hit the iguana but do no damage.
The iguana is severely wounded.
The iguana bites you.
You die...

## .. ###.#####
#.!.....#
#.......#
#.......#
#.......#
#....l..#
#....@..#
#.......#
##########.###..#
#.......(..# ##
#.##########
######.##
........#
.#####..# .##
#..#


You could see an iguana.

Vanquished Creatures
  Purgy (Sewer)
  A sky beast (D:5)
  A scorpion (D:4)
  A water moccasin skeleton (D:5)
  A crimson imp (D:5)
  A hound (D:4)
  A bullfrog skeleton (D:5)
  A jelly (D:5)
  2 centaur skeletons
  An iguana (D:4)
  4 worker ants (D:4)
  An orc wizard (D:2)
  2 howler monkey skeletons (D:4)
  7 adders
  A shadow imp (D:4)
  3 oozes (D:1)
  4 worms
  3 dart slugs
  3 leopard geckos
  4 orcs
  8 bats
  11 giant cockroaches
  6 hobgoblins
  9 jackals
  15 kobolds
  3 quokkas
  A ball python (D:3)
  6 frilled lizards
  9 goblins
  A leopard gecko zombie (D:5)
  11 rats
123 creatures vanquished.

Notes
Turn   | Place    | Note
-------+----------+-------------------------------------------
     0 | D:1      | shenanigans the Barachi Monk began the quest for the Orb.
     0 | D:1      | Reached XP level 1. HP: 18/18 MP: 1/1
     1 | D:1      | Found a runed door.
   110 | D:1      | Reached XP level 2. HP: 20/25 MP: 2/2
   130 | D:1      | Reached skill level 1 in Armour
   449 | D:1      | Reached XP level 3. HP: 30/30 MP: 3/3
   972 | D:1      | Reached XP level 4. HP: 28/37 MP: 4/4
  1264 | D:2      | Found a shimmering altar of Xom.
  1897 | D:3      | Noticed cellescent's ghost (amateur GnWn)
  1914 | D:2      | Reached XP level 5. HP: 24/43 MP: 3/5
  2662 | D:3      | Found a stormy altar of Qazlal.
  3077 | D:4      | Reached skill level 5 in Fighting
  3077 | D:4      | Reached skill level 5 in Long Blades
  3077 | D:4      | Reached XP level 6. HP: 45/51 MP: 6/6
  3309 | D:4      | Found a glowing drain.
  3336 | Sewer    | Entered a sewer
  3682 | Sewer    | Noticed Purgy
  3714 | Sewer    | Killed Purgy
  4136 | D:4      | Reached skill level 5 in Dodging
  4328 | D:4      | Reached XP level 7. HP: 51/56 MP: 7/7
  5138 | D:5      | Entered Level 5 of the Dungeon
  5252 | D:5      | Reached skill level 5 in Armour
  5252 | D:5      | Reached XP level 8. HP: 53/65 MP: 8/8
  5341 | D:5      | HP: 2/65 [iguana (6)]
  5342 | D:5      | Slain by an iguana

Vault maps used:
D:1:      dpeg_arrival_caged_fury, dk_noncrumbling_4
D:2:      tgw_xom, first_ration
D:3:      lemuel_crystal_altar, minmay_item_behind_shaft
D:4:      cheibrodos_sewer_entry_bend, minmay_quantized
D:5:      grunt_temple_overflow_diamond
Sewer:    kennysheep_door_sewer

Skill      XL: |  1  2  3  4  5  6  7 |
---------------+----------------------+-----
Armour         | 1 2 3 4 5 |  5.0
Long Blades    | 4 5 6 |  6.3
Fighting       | 4 5 6 |  6.3
Dodging        | 4 5 |  5.7
Stealth        | |  1.7

Action                   |  1- 3 |  4- 6 |  7- 9 || total
-------------------------+-------+-------+-------++-------
Melee: Falchion          |   132 |   248 |    41 ||   421
       Dagger            |       |    82 |       ||    82
       Great sword       |       |    18 |    54 ||    72
 Abil: Hop               |     1 |     1 |       ||     2
Evoke: Wand              |       |     1 |       ||     1
  Use: Scroll            |       |       |     7 ||     7
 Stab: Sleeping          |     1 |       |       ||     1
  Eat: Chunk             |       |    12 |     5 ||    17
Armor: Robe              |     3 |       |       ||     3
       Ring mail         |    23 |       |       ||    23
       Chain mail        |    46 |   220 |    61 ||   327
Dodge: Dodged            |    66 |   137 |    34 ||   237
       Rpst.: Falchion   |    16 |    29 |     1 ||    46
       Great sword       |       |     5 |    10 ||    15

Table legend:
 A = Spawn XP
 B = Non-spawn XP
 C = Spawn XP percentage of total XP
 D = Spawn monster count
 E = Non-spawn monster count
 F = Spawn count percentage of total count
 G = Total turns spent on level
                    A         B        C        D         E        F      G
               +---------+---------+-------+---------+---------+-------+---------
         Total |       0 |    1204 |   0.0 |       0 |     123 |   0.0 |  5342
               +---------+---------+-------+---------+---------+-------+---------
           D:1 |       0 |      85 |   0.0 |       0 |      40 |   0.0 |   995
           D:2 |       0 |     115 |   0.0 |       0 |      28 |   0.0 |  1269
           D:3 |       0 |      60 |   0.0 |       0 |      20 |   0.0 |   633
           D:4 |       0 |     407 |   0.0 |       0 |      16 |   0.0 |  1591
           D:5 |       0 |     384 |   0.0 |       0 |      13 |   0.0 |   204
         Sewer |       0 |     153 |   0.0 |       0 |       6 |   0.0 |   650
               +---------+---------+-------+---------+---------+-------+---------
